 Dungeon Crawl Stone Soup version 0.27.0-1-g7a089689b8 (webtiles) character file.

Game seed: 11671446306776883439

2 sanka the Grave Robber (level 1, 0/10 HPs)
             Began as a Gargoyle Necromancer on Aug 4, 2021.
             Frozen to death by an endoplasm (4 damage)
             ... on level 1 of the Dungeon.
             The game lasted 00:00:19 (127 turns).

sanka the Grave Robber (Gargoyle Necromancer)        Turns: 127, Time: 00:00:19

Health: 0/10       AC:  4    Str: 11    XL:     1   Next: 30%
Magic:  2/3        EV: 11    Int: 15    God:
Gold:   0          SH:  0    Dex: 10    Spells: 3/4 levels left

rFire    . . .     SeeInvis .   (no weapon)
rCold    . . .     Faith    .   (no shield)
rNeg     + . .     Spirit   .   a - +0 robe
rPois    ∞         Reflect  .   (no helmet)
rElec    +         Harm     .   (no cloak)
rCorr    .         Rampage  .   (no gloves)
Will     .....                  (no boots)
Stlth    ++........             (no amulet)
HPRegen  0.03/turn              (no ring)
MPRegen  0.08/turn              (no ring)

@: no status effects
A: sickness immunity, AC +2, negative energy resistance 1, electricity
resistance, torment resistance 1, petrification resistance
a: no special abilities


You were on level 1 of the Dungeon.
You visited 1 branch of the dungeon, and saw 1 of its levels.


Innate Abilities, Weirdness & Mutations

You are immune to sickness and miasma.
Your stone body is resilient. (AC +2)
You are immune to poison.
You resist negative energy. (rN+)
You are resistant to electric shocks. (rElec)
You are resistant to unholy torment.
You are immune to petrification.


   Skills:
 - Level 1.5 Dodging
 - Level 2.1 Stealth
 - Level 2.0 Spellcasting
 + Level 3.3 Necromancy


You had 3 spell levels left.
You knew the following spells:

 Your Spells              Type           Power      Damage    Failure   Level
z - Pain                  Necr           44%        1d6       5%          1

Your spell library contained the following spells:

 Spells                   Type           Power      Damage    Failure   Level
 Animate Skeleton         Necr           22%        N/A       5%          1
 Vampiric Draining        Necr           5%         2d6       17%         3
 Animate Dead             Necr           5%         N/A       50%         4
 Agony                    Necr           11%        N/A       83%         5

Inventory:

Armour
 a - a +0 robe (worn)

Dungeon Overview and Level Annotations

Branches:
Dungeon (1/15)

Altars:

8▒8.+.'....▒.▒
▒▒▒▒▒▒▒▒ ..
.▒..▒.▒≈≈▒.▒.▒
▒......▒▒...
.▒..▒.▒≈≈▒...▒
▒...........
....▒.▒≈≈▒▒..▒
▒▒▒..K?..▒▒▒▒▒
▒'▒▒▒'▒▒≈▒▒..▒
▒.b.▒▒▒.......
....'..▒≈▒▒..▒
▒▒▒▒▒.▒.▒
▒..?....
▒▒▒▒▒.<▒≈...>▒
▒b..b.▒.▒
▒.......
≈▒▒▒▒≈....▒
▒J▒▒▒▒▒.▒
▒.†.....
≈≈≈≈≈≈≈....▒ ▒8▒
▒.▒ ▒.......
▒▒▒▒▒▒▒....▒▒▒.▒
..▒ ▒.......
▒........▒ ▒▒▒
▒.▒▒▒▒.▒
▒...▒▒▒▒▒▒ ▒.▒
.. ▒▒▒▒▒ ▒. !.
▒. ▒. ▒


You could see an endoplasm and a bat.


Message History

The endoplasm closely misses you. The bat hits you but does no damage.
The endoplasm freezes you.
You are frozen.
The bat closely misses you.
You see here a scroll labelled KOCSIV JUBOI.
The bat hits you but does no damage. The bat barely misses you.
The bat misses you.
The kobold throws a stone.
The stone hits you but does no damage.
You see here a scroll labelled KOCSIV JUBOI.
The bat hits you. The bat barely misses you. The bat completely misses you.
The bat hits you but does no damage.
Saving game... please wait.
Options error: Bad object type '%' for autopickup. (~/.crawlrc:100) Options error: Unknown monster: "worker ant:red B" (~/.crawlrc:1354) Options error: Unknown monster: "queen ant:lightgreen B" (~/.crawlrc:1355) Options error: Unknown monster: "soldier ant:white B" (~/.crawlrc:1356) Options error: Unknown monster: "greater mummy:lightmagenta M" (~/.crawlrc:1397) Welcome back, sanka the Gargoyle Necromancer.
The endoplasm hits you.
* * * LOW HITPOINT WARNING * * *
You hit the endoplasm but do no damage.
The endoplasm is moderately wounded.
The endoplasm freezes you.
You are frozen.
You die...

Action                   || total
-------------------------++-------
Melee: Unarmed           ||     6
 Cast: Pain              ||     3
Armor: Robe              ||     4
Dodge: Dodged            ||    13

Levels and vault maps discovered:
D:1:      heliophobic_arrival_glass_houses, layout_basic,
          shapermc_ecumenical_altar_pompeii, minmay_nonomino_d4

Notes
Turn   | Place    | Note
-------+----------+-------------------------------------------
     0 | D:1      | sanka the Gargoyle Necromancer began the quest for the Orb.
     0 | D:1      | Reached XP level 1. HP: 10/10 MP: 3/3
   127 | D:1      | Frozen to death by an endoplasm

Vanquished Creatures
  3 bats (D:1)
3 creatures vanquished.
